 Dungeon Crawl Stone Soup version 0.26-a0-812-g31a745ddcd (webtiles) character file.

Game seed: 16940181520923782409

254 Lanoc the Caller (level 5, -6/42 HPs)
             Began as a Deep Dwarf Summoner on Nov 23, 2020.
             Mangled by an ogre
             ... wielding a +0 giant club
              (26 damage)
             ... on level 4 of the Dungeon.
             The game lasted 00:04:16 (1757 turns).

Lanoc the Caller (Deep Dwarf Summoner)              Turns: 1757, Time: 00:04:16

Health: -6/42      AC:  2    Str: 11    XL:     5   Next: 90%
Magic:  3/7        EV: 14    Int: 17    God:
Gold:   88         SH:  0    Dex: 13    Spells: 4/7 levels left

rFire    . . .     SeeInvis .   (no weapon)
rCold    . . .     Faith    .   (no shield)
rNeg     . . .     Spirit   .   a - +0 robe
rPois    .         Reflect  .   (no helmet)
rElec    .         Harm     .   (no cloak)
rCorr    .         Rampage  .   (no gloves)
MR       .....                  (no boots)
Stlth    ++........             (no amulet)
HPRegen  0.00/turn              (no ring)
MPRegen  0.10/turn              (no ring)

@: non-regenerating
A: damage resistance, heal wounds, sense surroundings 1, no regeneration
a: Heal Wounds


You were on level 4 of the Dungeon.
You visited 1 branch of the dungeon, and saw 4 of its levels.

You collected 88 gold pieces.

Inventory:

Armour
 a - a +0 robe (worn)
Wands
 b - a wand of flame (6)
Scrolls
 c - a scroll of magic mapping {unknown}
 f - 2 scrolls of enchant armour


   Skills:
 + Level 4.3 Dodging
 - Level 2.4 Stealth
 - Level 1.7 Spellcasting
 * Level 5.7 Summonings


You had 4 spell levels left.
You knew the following spells:

 Your Spells              Type           Power        Failure   Level
a - Summon Small Mammal   Summ           ###.         1%          1
b - Call Imp              Summ           ###.....     2%          2

Your spell library contained the following spells:

 Spells                   Type           Power        Failure   Level
 Call Canine Familiar     Summ           ###.....     5%          3
 Summon Guardian Golem    Hex/Summ       ##......     19%         3
 Summon Ice Beast         Ice/Summ       ##......     52%         4
 Summon Lightning Spire   Summ/Air       ##......     52%         4


Dungeon Overview and Level Annotations

Branches:
Dungeon (4/15)
 Temple: D:4-7

Altars:
Makhleb
Nemelex Xobeh
Ru
Uskayaw
Vehumet


Innate Abilities, Weirdness & Mutations

You are resistant to damage.
You can heal yourself by infusing magical energy.
You passively map a small area around you.
You do not regenerate.


Message History

As you open the door, it creaks loudly!
You hear a shout!
Your crimson imp disappears in a puff of smoke!
There is an open door here.
An ogre comes into view. It is wielding a +0 giant club.
You see here a scroll labelled TEOQALUFIPN.
Casting: Call Imp (safe; 2% risk of failure)
Confirm with . or Enter, or press ? or * to list all spells.
A beastly little devil appears in a puff of flame.
Casting: Call Imp (safe; 2% risk of failure)
Confirm with . or Enter, or press ? or * to list all spells.
A beastly little devil appears in a puff of flame.
Your crimson imp blinks!
Your crimson imp disappears in a puff of smoke!
Your crimson imp blinks!
You see here a scroll labelled TEOQALUFIPN.
You swap places.
Your crimson imp blinks!
The ogre hits you with a +0 giant club!!
Ouch! That really hurt!
You die...

#...###.############..#####
*#... #+# ###*####..##..#
..... ....#.........#
....., , ...#<........# ,,
...#.........# *
*#.###.##.##..#
########.######.##..# , ,
....5...ยง#..........#
........O@..........#
.5......5#..........#
##.###.####'###.....# *
#######..######## , ,
#......5.'......#
,,#........#......# ,*
#..##....##.....# , ,
#..##....##..)..#
,,#.....(...#.....#


You could see an ogre and 2 friendly crimson imps.

Vanquished Creatures
  Grinder (D:3)
  A giant cockroach (D:4)
  A ball python (D:3)
3 creatures vanquished.

Vanquished Creatures (collateral kills)
  Natasha (twice) (D:3)
  2 adders
  An ooze (D:2)
  An adder skeleton (D:4)
  2 worms (D:3)
  2 dart slugs (D:2)
  6 orcs (D:3)
  A goblin (D:3)
  3 hobgoblins
  3 bats
  2 kobolds (D:3)
  4 rats
29 creatures vanquished.

Grand Total: 32 creatures vanquished

Notes
Turn   | Place    | Note
-------+----------+-------------------------------------------
     0 | D:1      | Lanoc the Deep Dwarf Summoner began the quest for the Orb.
     0 | D:1      | Reached XP level 1. HP: 15/15 MP: 3/3
   199 | D:3      | Noticed Natasha
   252 | D:2      | Reached XP level 2. HP: 16/22 MP: 1/4
   256 | D:2      | Learned a level 2 spell: Call Imp
   393 | D:3      | Killed Natasha
   393 | D:3      | Reached skill level 4 in Summonings
   776 | D:3      | Noticed Natasha
   785 | D:3      | Noticed a crimson imp
   785 | D:3      | Killed Natasha
   785 | D:3      | Reached XP level 3. HP: 15/28 MP: 0/5
   980 | D:3      | Noticed Grinder
  1003 | D:3      | Killed Grinder
  1003 | D:3      | Reached skill level 5 in Summonings
  1003 | D:3      | Reached XP level 4. HP: 18/36 MP: 0/6
  1003 | D:3      | Reached XP level 5. HP: 21/42 MP: 0/7
  1007 | D:3      | Found a burning altar of Makhleb.
  1008 | D:3      | Found a sacrificial altar of Ru.
  1010 | D:3      | Found a sparkling altar of Nemelex Xobeh.
  1018 | D:3      | Found a hide-covered altar of Uskayaw.
  1019 | D:3      | Found a radiant altar of Vehumet.
  1752 | D:4      | Noticed an ogre
  1757 | D:4      | Mangled by an ogre

Illustrated notes

Levels and vault maps discovered:
D:1:      shiori_angband_town, layout_basic, grunt_decor_cap
D:2:      layout_basic, chequers_ecumenical_altar_simple,
          kennysheep_jessica_study
D:3:      layout_loops_cross, minmay_overflow_temple_star_hex, uniq_grinder,
          uniq_natasha
D:4:      kennysheep_big_flooded_room, layout_gridville, serial_shops, shop,
          shop, nicolae_shop_behind_doors, minmay_joined_circles

Skill      XL: |  1  2  3 |
---------------+----------+-----
Summonings     | 4 5 |  5.7
Dodging        | 4 |  4.3
Stealth        | |  2.4
Spellcasting   | |  1.7

Action                   |  1- 3 |  4- 6 || total
-------------------------+-------+-------++-------
Melee: Unarmed           |    30 |    24 ||    54
 Cast: Summon Small Mamm |    10 |       ||    10
       Call Imp          |    15 |    18 ||    33
 Abil: Heal Wounds       |     1 |       ||     1
  Use: Scroll            |     3 |       ||     3
       Potion            |     1 |       ||     1
Armor: Robe              |     4 |     6 ||    10
Dodge: Dodged            |    19 |    27 ||    46

Table legend: (Time is in decaauts)
 A = Elapsed time spent in this place.
 B = Non-inter-level travel time spent in this place.
 C = Inter-level travel time spent in this place.
 D = Time resting spent in this place.
 E = Time spent auto-exploring this place.
 F = Levels seen in this place.
 G = Mean time per level.
                   A        B        C        D        E       F      G
               +--------+--------+--------+--------+--------+-----+--------+
         Total |   1738 |   1713 |     25 |    137 |   1223 |   4 |  434.5 |
       Dungeon |   1738 |   1713 |     25 |    137 |   1223 |   4 |  434.5 |
               +--------+--------+--------+--------+--------+-----+--------+

Top non-repeatable levels by time:
     D:3: 1128 daAuts
     D:2: 292 daAuts
     D:4: 227 daAuts
     D:1: 90 daAuts
